 Dungeon Crawl Stone Soup version 0.23-a0-344-ge122d05 (webtiles) character file.

53 galech the Skirmisher (level 3, 0/29 HPs)
             Began as a Demonspawn Fighter on Oct 19, 2018.
             Slain by a gnoll
             ... wielding a +0 mace
              (8 damage)
             ... on level 3 of the Dungeon.
             The game lasted 00:02:06 (1307 turns).

galech the Skirmisher (Demonspawn Fighter)          Turns: 1307, Time: 00:02:07

Health: 0/29       AC:  6    Str: 16    XL:     3   Next: 62%
Magic:  3/3        EV:  6    Int:  9    God:
Gold:   95         SH:  8    Dex: 13    Spells: 2/2 levels left

rFire    . . .     SeeInvis .   a - +0 war axe
rCold    . . .     Gourm    .   c - +0 shield
rNeg     . . .     Faith    .   b - +0 scale mail
rPois    .         Spirit   .   (helmet restricted)
rElec    .         Reflect  .   (no cloak)
rCorr    .         Harm     .   (no gloves)
MR       .....                  (no boots)
Stlth    ..........             m - amulet of magic regeneration
HPRegen  0.09/turn              (no ring)
MPRegen  0.33/turn              (no ring)

@: no status effects
A: horns 1, powered by death 1
a: no special abilities


You were on level 3 of the Dungeon.
You were not hungry.

You visited 1 branch of the dungeon, and saw 3 of its levels.

You collected 95 gold pieces.

Inventory:

Hand Weapons
 a - a +0 war axe (weapon)
Armour
 b - a +0 scale mail (worn)
 c - a +0 shield (worn)
Jewellery
 m - an amulet of magic regeneration (around neck)
Scrolls
 g - a scroll of amnesia {unknown}
 h - a scroll of enchant armour {unknown}
 i - 2 scrolls of noise {unknown}
 j - 4 scrolls of identify {unknown}
 k - a scroll of enchant weapon {unknown}
Potions
 d - 2 potions of might
 e - a potion of mutation {unknown}
 l - a potion of agility {unknown}
 o - a potion of heal wounds {unknown}
 p - a potion of curing {unknown}
Comestibles
 f - 4 rations


   Skills:
 + Level 3.5 Fighting
 + Level 2.2 Axes
 + Level 3.3 Armour
 + Level 0.1 Dodging
 + Level 2.9 Shields


You had 2 spell levels left.
You didn't know any spells.
Your spell library was empty.

Dungeon Overview and Level Annotations

Branches:
Dungeon (3/15)

Altars:
Yredelemnul


Innate Abilities, Weirdness & Mutations

You have a pair of small horns on your head.
You regenerate a little health from kills.


Message History

A kobold comes into view.
A gnoll comes into view. It is wielding a +0 mace.
The gnoll moves out of view.
A gnoll comes into view.
The gnoll shouts!
The gnoll hits you with a +0 spear.
A rat comes into view.
Found a whip.
You slash the gnoll! You headbutt the gnoll.
The gnoll is severely wounded.
You block the gnoll's attack. The gnoll hits you but does no damage.
The gnoll hits you with a +0 spear.
You barely miss the gnoll.
The gnoll is severely wounded.
The gnoll hits you from afar with a +0 spear!
The gnoll hits you with a +0 spear.
The gnoll hits you from afar with a +0 spear.
* * * LOW HITPOINT WARNING * * *
The gnoll hits you with a +0 mace!
You die...

#.#.####
.###......#
..........#
.........#
.......# #.....#
########.....###.#
#..........@gK...#
.#####.#.##g......
#...#.#.#


gg..... #.#.#.#.# ....... #.#..<#.# ..r.... #[###.#.# .....#. #.....#.# ....)#
#######.# .....# You could see 4 gnolls, a kobold and a rat.

Vanquished Creatures
  An adder (D:2)
  A worm (D:2)
  2 dart slugs (D:1)
  A leopard gecko (D:2)
  6 bats
  4 giant cockroaches
  5 goblins
  2 hobgoblins (D:1)
  2 frilled lizards
  6 kobolds
  3 rats
  A spectral orc (D:2)
  A plant (D:1)
35 creatures vanquished.

Notes
Turn   | Place    | Note
-------+----------+-------------------------------------------
     0 | D:1      | galech the Demonspawn Fighter began the quest for the Orb.
     0 | D:1      | Reached XP level 1. HP: 18/18 MP: 1/1
   117 | D:1      | Gained mutation: You regenerate a little health from kills.
                  | [demonic ancestry]
   117 | D:1      | Reached XP level 2. HP: 24/24 MP: 2/2
   845 | D:2      | Gained mutation: You have a pair of small horns on your
                  | head. [demonic ancestry]
   845 | D:2      | Reached XP level 3. HP: 29/29 MP: 3/3
  1179 | D:2      | Found a basalt altar of Yredelemnul.
  1307 | D:3      | Slain by a gnoll

Vault maps used:
D:1:      wheals_arrival_shading, serial_forest, infiniplex_forest_clump_medium,
          infiniplex_forest_diagonal, infiniplex_forest_clump_double,
          infiniplex_forest_clump_medium, infiniplex_forest_end_2,
          infiniplex_forest_lined_corner, minmay_pentomino_q2
D:2:      yredelemnul_forgotten_temple_becter
D:3:      eat_drink_and_be_merry_uskayaw, uniq_ijyb, uniq_jessica, uniq_robin

Skill      XL: |  1  2 |
---------------+-------+-----
Axes           | 2 |  2.2
Armour         | 3 |  3.3
Fighting       | |  3.5
Dodging        | |  0.1
Shields        | |  2.9

Action                   || total
-------------------------++-------
Melee: War axe           ||   104
       Headbutt          ||     9
  Eat: Chunk             ||     1
Armor: Scale mail        ||    45
Dodge: Dodged            ||    26
Block: Shield            ||    49

Table legend:
 A = Non-vault XP
 B = Vault XP
 C = Vault XP percentage of total XP
 D = Non-vault monster count
 E = Vault monster count
 F = Vault count percentage of total count
                 A         B        C        D         E       F
            +---------+---------+-------+---------+---------+-------
      Total |      73 |       3 |   3.9 |      32 |       2 |   5.9
            +---------+---------+-------+---------+---------+-------
        D:1 |      36 |       2 |   5.3 |      19 |       1 |   5.0
        D:2 |      37 |       1 |   2.6 |      13 |       1 |   7.1
            +---------+---------+-------+---------+---------+-------
